 Dungeon Crawl Stone Soup version 0.19-a0-892-g8a19e52 (webtiles) character file.

141513 inmateoo the Severer (level 16, -6/159 HPs)
             Began as a Minotaur Fighter on July 4, 2016.
             Was the Champion of Hepliaklqana.
             Mangled by a bardiche of distortion (32 damage)
             ... on level 2 of the Elven Halls.
             The game lasted 00:36:58 (23686 turns).

inmateoo the Severer (Minotaur Fighter)            Turns: 23686, Time: 00:36:59

Health: -6/159     AC: 27    Str: 25    XL:     16   Next: 78%
Magic:  23/23      EV: 15    Int:  3    God:    Hepliaklqana [******]
Gold:   1435       SH:  6    Dex: 13    Spells: 0 memorised, 15 levels left

rFire  + . .     SeeInvis .     d - +7 broad axe (freeze)
rCold  + + .     Gourm    .     W - +2 chain mail {MR+}
rNeg   . . .     Faith    .     o - +0 buckler of Weirdness {+Inv rElec Str-2 Slay+5}
rPois  .         Spirit   .     S - +2 hat
rElec  +         Dismiss  .     k - +2 cloak {MR+}
rCorr  .         Reflect  .     L - +0 pair of gloves
SustAt .         Harm     .     w - +0 pair of boots
MR     ++++.     Rnd*Rage +     (no amulet)
Stlth  ..........               r - ring of protection from cold
                                N - ring "Vieryvig" {+Fly rF+ MR+ Slay+2}

@: lethally poisoned (-6 -> -7), incredibly resistant to hostile enchantments,
extremely unstealthy
A: retaliatory headbutt, horns 2, molten scales 1, slimy green scales 2, agile
1, berserk 1, cold resistance 1, deterioration 2, dopey 1, robust 1
a: Recall Ancestor, Ancestor Identity, Transference, Idealise, Renounce
Religion, Evoke Invisibility, Evoke Flight


You were on level 2 of the Elven Halls.
You worshipped Hepliaklqana.
Hepliaklqana was exalted by your worship.
You were not hungry.

You visited 5 branches of the dungeon, and saw 26 of its levels.
You also visited: Labyrinth and Bailey.

You collected 2390 gold pieces.
You spent 955 gold pieces at shops.

Inventory:

Hand Weapons
 d - a +7 broad axe of freezing (weapon)
Armour
 c - a +0 shield
 k - a +2 cloak of magic resistance (worn)
 o - the +0 buckler of Weirdness (worn) {+Inv rElec Str-2 Slay+5}
   (You acquired it on level 6 of the Lair of Beasts)

   It affects your strength (-2).
   It affects your accuracy and damage with ranged weapons and melee attacks
   (+5).
   It insulates you from electricity.
   It lets you turn invisible.
 w - a +0 pair of boots (worn)
 L - a +0 pair of gloves (worn)
 S - a +2 hat (worn)
 W - a +2 chain mail of magic resistance (worn)
Jewellery
 r - a ring of protection from cold (right hand)
 D - an uncursed ring of flight
 K - an uncursed ring of resist corrosion
 M - an uncursed ring of see invisible
 N - the ring "Vieryvig" (left hand) {+Fly rF+ MR+ Slay+2}
   (You took it off a minotaur in a labyrinth)

   [ring of flight]

   It affects your accuracy and damage with ranged weapons and melee attacks
   (+2).
   It protects you from fire.
   It affects your resistance to hostile enchantments.
   It lets you fly.
Wands
 s - a wand of iceblast (4/15)
 G - a wand of acid (10/15)
 H - a wand of confusion (13/48)
 R - a wand of iceblast (6/15)
 T - a wand of digging (15/24)
 Y - a wand of lightning (5/15)
 Z - a wand of teleportation (3/9)
Scrolls
 b - 12 scrolls of identify
 e - 2 scrolls of blinking
 m - 11 scrolls of teleportation
 q - 3 scrolls of magic mapping
 u - 3 scrolls of amnesia
 y - a scroll of brand weapon
 B - 5 scrolls of enchant armour
 F - 3 scrolls of fear
 I - a scroll of remove curse
 O - 4 scrolls of recharging
 P - a scroll of summoning
 Q - 3 scrolls of fog
Potions
 a - a potion of cancellation
 h - 3 potions of heal wounds
 i - 5 potions of flight
 p - a potion of berserk rage
 t - a potion of invisibility
 x - 8 potions of curing
 z - 2 potions of brilliance
 A - 2 potions of haste
 C - 4 potions of ambrosia
 J - 2 potions of agility
 U - 3 potions of cure mutation
 V - a potion of lignification
Miscellaneous
 j - a phial of floods
 n - a lamp of fire
Comestibles
 f - 20 bread rations
 g - 9 meat rations
 l - a royal jelly
 v - 17 fruits


   Skills:
 + Level 13.8 Fighting
 * Level 20.4 Axes
 + Level 14.0 Armour
 + Level 12.8 Dodging
 - Level 10.1 Shields
 + Level 10.8 Invocations
 + Level 5.7 Evocations


You had 15 spell levels left.
You didn't know any spells.

Dungeon Overview and Level Annotations

Branches:
Dungeon (15/15)            Temple (1/1) D:4            Lair (6/6) D:10
  Swamp (0/4) Lair:2       Spider (0/4) Lair:3        Slime (0/5) Lair:6
    Orc (2/2) D:12            Elf (2/3) Orc:2        Vaults (0/5) D:13
 Depths (0/5) D:15

Altars:
Ashenzari
Cheibriados
Dithmenos
Elyvilon
Fedhas
Gozag
Hepliaklqana
Kikubaaqudgha
Makhleb
Nemelex Xobeh
Okawaru
Pakellas
Qazlal
Ru
Sif Muna
Trog
Uskayaw
Vehumet
Xom
Yredelemnul
Zin
The Shining One
Beogh

Shops:
D:4 *[[   D:7 (!}%   Orc:2 }([(   Elf:1 **%*   Elf:2 =


Innate Abilities, Weirdness & Mutations

You reflexively headbutt those who attack you in melee.
You have a pair of horns on your head.
You are partially covered in molten scales. (AC +1)
You are mostly covered in slimy green scales. (AC +3)
You are agile. (Dex +2)
You tend to lose your temper in combat.
Your flesh is cold resistant. (rC+)
Your body often deteriorates upon taking damage.
You are dopey. (Int -2)
You are robust. (+10% HP)


Message History

Etan resists.
The scimitar of holy wrath hits you but does no damage.
You see here a trident of piercing.
Unknown command.
Unknown command.
Unknown command.
You feel better.
You block the halberd of venom's attack.
The hand axe of venom hits Etan!!
The hand axe of venom hits you but does no damage.
You are poisoned.
Etan blocks the deep elf mage's attack.
Etan hits the deep elf mage with a broad axe of flaming!
Etan burns the deep elf mage.
Etan barely misses the fire elemental.
Etan hits the halberd of venom with a broad axe of flaming.
Etan hits the hand axe of venom with a broad axe of flaming!
The fire elemental hits Etan.
The fire elemental burns Etan!
Etan resists.
The bardiche of distortion hits you!!
You die...

........#...........#
.#.....###)........#
###...## ##.......## . #
##...###....(....## .. #
#....#...........#... ##
..........§E.........
.#............eR(.......
.##...........#(........
.# .......§e###@(......
## .........# #(.......
.# .......e. .........
## ....... .......... .#
..... ........... .#
........##.. .#
.......### #. ##
##.....## ##


You could see the friendly Etan the knight, a deep elf mage, a fire elemental
and 4 dancing weapons.

Vanquished Creatures
  A frost giant (D:15)
  2 orc warlords
  A deep elf demonologist (Elf:1)
  A deep elf annihilator (Elf:2)
  Josephine (D:13)
  Snorg (D:13)
  A minotaur (Lab)
  Harold (Lair:3)
  Fannar (D:11)
  4 vault guards (D:13)
  A yaktaur captain (D:15)
  A death knight (D:14)
  9 hydras
  4 centaur warriors
  16 dancing weapons
  An orc high priest (Orc:2)
  15 death yaks
  13 deep elf knights
  7 deep elf archers (Elf:2)
  A hill giant (D:15)
  Pikel (D:7)
  2 griffons
  9 ugly things
  A cyclops (D:15)
  4 orc knights
  A wolf spider (D:15)
  4 orc sorcerers (Orc:2)
  41 deep elf magi
  A black mamba (shapeshifter) (D:14)
  14 elephants
  4 centaur zombies
  A torpor snail (Lair:1)
  Maurice (D:13)
  2 black mambas
  5 spiny frogs
  A gargoyle (D:14)
  2 rime drakes
  A komodo dragon (shapeshifter) (D:13)
  An efreet (D:15)
  The ghost of Amnesiac the Gusty, a novice HEAE of Sif Muna (D:4)
  3 komodo dragons
  A yaktaur (D:15)
  4 trolls
  Prince Ribbit (D:7)
  2 two-headed ogres
  4 slime creatures
  18 blink frogs
  A meliai zombie (D:15)
  A raiju (shapeshifter) (Elf:1)
  An air elemental (Elf:2)
  A centaur simulacrum (D:15)
  12 spriggans
  A vampire (D:14)
  4 wraiths (D:13)
  28 yaks
  A shadow (D:14)
  2 basilisks
  7 wyverns
  A steam dragon (Lair:2)
  2 hungry ghosts
  9 vampire mosquitoes
  8 hippogriffs
  2 swamp worms (Lair:2)
  A mottled dragon (D:12)
  A soldier ant (D:12)
  A soldier ant (shapeshifter) (Elf:1)
  15 water moccasins
  8 porcupines
  A swamp drake (D:13)
  40 orc warriors
  3 sky beasts
  3 slaves (D:7)
  3 ice beasts
  2 wasps
  An eye of draining (shapeshifter) (D:15)
  A tengu (D:4)
  7 black bears
  An eye of draining (D:14)
  2 necrophages
  16 ogres
  5 phantoms
  28 wolves
  5 boggarts
  7 centaurs
  8 crocodiles
  4 big kobolds
  18 giant frogs
  3 earth elementals
  2 wyvern zombies
  5 gnoll sergeants
  5 scorpions
  A wyvern skeleton (D:8)
  11 wights
  3 killer bees (D:12)
  2 howler monkeys
  2 electric eels (Lair:2)
  7 crimson imps
  4 hounds
  A quasit (D:6)
  2 giant frog zombies
  16 orc priests
  8 jellies
  A giant frog skeleton (D:9)
  Crazy Yiuf (D:3)
  4 centaur skeletons
  4 iguanas
  14 orc wizards
  4 worker ants
  48 sheep
  A killer bee zombie (D:8)
  2 hound skeletons
  Robin (D:4)
  8 adders
  35 gnolls
  32 river rats
  3 shadow imps
  An ooze (D:2)
  2 worms
  2 dart slugs (D:1)
  5 giant geckos
  87 orcs
  3 bats
  6 giant cockroaches
  32 goblins
  15 hobgoblins
  15 jackals
  4 quokkas
  3 ball pythons
  A giant gecko skeleton (D:5)
  A giant gecko zombie (D:8)
  3 giant newts
  22 kobolds
  9 rats
  2 rat zombies (D:6)
  2 fungi
  8 plants
927 creatures vanquished.

Vanquished Creatures (collateral kills)
  2 death yaks
  4 deep elf knights
  2 unseen horrors
  A deep elf archer (Elf:2)
  6 deep elf magi
  An ugly thing (D:14)
  2 elephants (Lair:6)
  2 centaur skeletons
  A spiny frog (Lair:2)
  2 trolls (D:12)
  A polar bear (Lair:6)
  2 blink frogs (Lair:6)
  A two-headed ogre (Orc:2)
  A boulder beetle (Lair:6)
  2 yaks
  A spriggan (Lair:6)
  Eustachio (D:6)
  A hog (shapeshifter) (D:13)
  2 basilisks
  A hungry ghost (D:8)
  A swamp worm (Lair:2)
  4 water moccasins
  A porcupine (Lair:5)
  A sky beast (D:6)
  2 orc warriors (Orc:2)
  2 wasps
  A centaur (D:13)
  3 boggarts
  A wolf (Lair:6)
  A giant frog (D:14)
  A scorpion (D:12)
  A centaur zombie (D:9)
  A crimson imp (D:6)
  An orc priest (Orc:2)
  4 orc wizards (Orc:2)
  A gnoll (Bailey)
  A worker ant zombie (D:10)
  An adder (D:10)
  4 river rats (Lair:2)
  3 orcs
  A goblin (Bailey)
  A hobgoblin (Bailey)
  A kobold (D:11)
  2 fungi
  2 plants (Lair:2)
78 creatures vanquished.

Vanquished Creatures (others)
  An ogre (D:8)
  A centaur (D:8)
  A giant frog (D:8)
  3 knights
  A worker ant (D:8)
  A shadow imp (D:8)
  An adder skeleton (D:8)
  An orc (D:8)
  5 fungi (Lair:6)
  A plant (Lair:2)
16 creatures vanquished.

Grand Total: 1021 creatures vanquished

Notes
Turn   | Place    | Note
-------+----------+-------------------------------------------
     0 | D:1      | inmateoo the Minotaur Fighter began the quest for the Orb.
     0 | D:1      | Reached XP level 1. HP: 19/19 MP: 0/0
    51 | D:1      | Reached skill level 3 in Axes
   109 | D:1      | Reached XP level 2. HP: 26/26 MP: 1/1
   244 | D:1      | Found a snail-covered altar of Cheibriados.
   421 | D:2      | Reached skill level 4 in Axes
   430 | D:2      | Reached XP level 3. HP: 25/31 MP: 2/2
   669 | D:2      | Found an iron altar of Okawaru.
   784 | D:2      | Reached skill level 5 in Axes
   785 | D:2      | Reached XP level 4. HP: 11/39 MP: 3/3
  1264 | D:3      | Found a runed door.
  1392 | D:3      | Reached skill level 6 in Axes
  1759 | D:3      | Reached XP level 5. HP: 11/45 MP: 4/4
  2353 | D:3      | Noticed Crazy Yiuf
  2363 | D:3      | Killed Crazy Yiuf
  2363 | D:3      | Reached skill level 7 in Axes
  2500 | D:4      | Noticed an ogre
  2502 | D:4      | Noticed a tengu
  2502 | D:4      | an ogre changed into a tengu
  2512 | D:4      | Killed a tengu
  2512 | D:4      | Reached XP level 6. HP: 32/51 MP: 5/5
  2661 | D:4      | Found Hann's Armour Shoppe.
  2686 | D:4      | Found Piwustr Faukk's Assorted Antiques.
  2687 | D:4      | Noticed Robin
  2718 | D:4      | Killed Robin
  2718 | D:4      | Reached skill level 8 in Axes
  2726 | D:4      | Bought a runed war axe for 59 gold pieces
  2728 | D:4      | Bought a scroll labeled YBADOM ZINGOEMU for 17 gold pieces
  2728 | D:4      | Bought a scroll labeled WAONUNE MYKHLO for 17 gold pieces
  2817 | D:4      | Found a staircase to the Ecumenical Temple.
  2820 | D:4      | Noticed Amnesiac's ghost (novice HEAE)
  2833 | D:4      | Killed Amnesiac's ghost
  2833 | D:4      | Reached skill level 9 in Axes
  2833 | D:4      | Reached XP level 7. HP: 40/57 MP: 6/6
  2849 | Temple   | Entered the Ecumenical Temple
  2941 | Temple   | Became a worshipper of Hepliaklqana
  3602 | D:4      | Found Fiuforib's Antique Armour Shop.
  3647 | D:5      | Entered Level 5 of the Dungeon
  3660 | D:5      | Reached skill level 10 in Axes
  3770 | D:5      | Reached * piety under Hepliaklqana
  4484 | D:5      | Reached skill level 1 in Dodging
  4484 | D:5      | Reached XP level 8. HP: 62/66 MP: 7/7
  4685 | D:6      | Reached skill level 11 in Axes
  4924 | D:6      | Reached skill level 5 in Shields
  4982 | D:6      | Noticed Eustachio
  4990 | D:6      | Reached skill level 5 in Fighting
  4990 | D:6      | Reached skill level 5 in Armour
  5006 | D:6      | Killed Eustachio
  5011 | D:6      | Found a sacrificial altar of Ru.
  5088 | D:6      | Found an ancient bone altar of Kikubaaqudgha.
  5174 | D:6      | Reached XP level 9. HP: 68/74 MP: 8/8
  5227 | D:6      | Found a bloodstained altar of Trog.
  5450 | D:7      | Found Malut's Distillery.
  5458 | D:7      | Bought 2 potions of mutation for 55 gold pieces
  5458 | D:7      | Bought a potion of mutation for 27 gold pieces
  5458 | D:7      | Bought a potion of curing for 33 gold pieces
  5458 | D:7      | Gained mutation: You are frail. (-10% HP) [potion of mutation]
  5458 | D:7      | Gained mutation: Your muscles are strong. (Str +2) [potion of mutation]
  5458 | D:7      | Gained mutation: Your magical capacity is low. (-10% MP) [potion of mutation]
  5459 | D:7      | Gained mutation: Your magical capacity is very low. (-20% MP) [potion of mutation]
  5459 | D:7      | Gained mutation: You evolve. [potion of mutation]
  5459 | D:7      | Lost mutation: Your magical capacity is very low. (-20% MP) [potion of mutation]
  5460 | D:7      | Lost mutation: You are frail. (-10% HP) [potion of mutation]
  5460 | D:7      | Gained mutation: You have a pair of large horns on your head. [potion of mutation]
  5460 | D:7      | Gained mutation: You are frail. (-10% HP) [potion of mutation]
  5502 | D:7      | Noticed Prince Ribbit
  5503 | D:7      | Reached ** piety under Hepliaklqana
  5504 | D:7      | Remembered your ancestor Etan as a knight
  5561 | D:7      | Found Ocziuc's Antique Weapon Shop.
  5575 | D:7      | Found Unoy's Magic Scroll Shop.
  5721 | D:7      | Reached skill level 1 in Invocations
  5782 | D:7      | Found Tekk's Food Shoppe.
  5816 | D:7      | Killed Prince Ribbit
  5820 | D:7      | Noticed Pikel
  5833 | D:7      | Killed Pikel
  5833 | D:7      | Reached skill level 12 in Axes
  5909 | D:7      | Found Qaussilo's Gadget Boutique.
  5932 | D:7      | Found a flagged portal.
  5943 | Bailey   | Entered a bailey
  6249 | Bailey   | Noticed an orc knight
  6249 | Bailey   | Noticed an orc warlord
  6249 | Bailey   | Noticed an orc knight
  6254 | Bailey   | Reached skill level 5 in Dodging
  6264 | Bailey   | HP: 3/70 [orc warlord/battleaxe of electrocution (17)]
  6265 | Bailey   | Killed an orc warlord
  6265 | Bailey   | Reached XP level 10. HP: 4/75 MP: 8/10
  6269 | Bailey   | HP: 3/75 [orc knight/war axe (29)]
  6270 | Bailey   | Killed an orc knight
  6281 | Bailey   | Killed an orc knight
  6281 | Bailey   | Reached skill level 13 in Axes
  6329 | Bailey   | Identified the Reference Book on Freezing Fire
  6563 | Bailey   | Identified a scroll of acquirement
  6731 | D:7      | Gained mutation: You are partially covered in slimy green scales. (AC +2) [evolution]
  6771 | D:7      | Found a radiant altar of Vehumet.
  6772 | D:7      | Found a glowing silver altar of Zin.
  6915 | D:8      | Reached *** piety under Hepliaklqana
  6996 | D:8      | Lost mutation: You are frail. (-10% HP) [potion of cure mutation]
  6996 | D:8      | Lost mutation: You evolve. [potion of cure mutation]
  6996 | D:8      | Lost mutation: Your muscles are strong. (Str +2) [potion of cure mutation]
  7308 | D:8      | Found a shimmering altar of Xom.
  7856 | D:9      | Reached XP level 11. HP: 92/92 MP: 11/11
  8031 | D:9      | Gained mutation: You are agile. (Dex +2) [mutagenic meat]
  8034 | D:9      | Lost mutation: You have a pair of large horns on your head. [mutagenic meat]
  8037 | D:9      | Gained mutation: Your body sometimes deteriorates upon taking damage. [mutagenic meat]
  8040 | D:9      | Gained mutation: Your body often deteriorates upon taking damage. [mutagenic meat]
  8109 | D:9      | Reached **** piety under Hepliaklqana
  8275 | D:9      | Found a stormy altar of Qazlal.
  8480 | D:10     | Entered Level 10 of the Dungeon
  8767 | D:10     | Reached skill level 14 in Axes
  9024 | D:10     | Found a staircase to the Lair.
  9495 | D:11     | Reached ***** piety under Hepliaklqana
  9634 | D:11     | Noticed Fannar
  9670 | D:11     | Killed Fannar
  9685 | D:11     | Reached skill level 5 in Invocations
 10083 | D:12     | Gained mutation: Armour fits poorly on your strangely shaped body. [mutagenic meat]
 10086 | D:12     | Gained mutation: You have a pair of large horns on your head. [mutagenic meat]
 10092 | D:12     | Gained mutation: You are mostly covered in slimy green scales. (AC +3) [mutagenic meat]
 10095 | D:12     | Gained mutation: You can translocate small distances at will. [mutagenic meat]
 10658 | D:12     | Reached XP level 12. HP: 67/104 MP: 13/13
 10929 | D:12     | You fall through a shaft!
 10953 | D:13     | Noticed Maurice
 10959 | D:13     | Killed Maurice
 10990 | D:13     | Lost mutation: You have a pair of large horns on your head. [mutagenic meat]
 10996 | D:13     | Gained mutation: You are partially covered in molten scales. (AC +1) [mutagenic meat]
 11076 | D:13     | Noticed Sonja
 11080 | D:13     | Noticed Sonja
 11080 | D:13     | Sonja changed into Sonja the swamp drake
 11089 | D:13     | Killed Sonja the swamp drake
 11103 | D:13     | Found a gate to the Vaults.
 11103 | D:13     | Noticed a vault guard
 11103 | D:13     | Noticed a vault guard
 11103 | D:13     | Noticed a vault guard
 11104 | D:13     | Noticed a vault guard
 11114 | D:13     | Killed a vault guard
 11117 | D:13     | Killed a vault guard
 11119 | D:13     | Killed a vault guard
 11119 | D:13     | Reached skill level 15 in Axes
 11121 | D:13     | Killed a vault guard
 11508 | D:13     | Reached skill level 10 in Shields
 11661 | D:13     | Noticed Snorg
 11668 | D:13     | Killed Snorg
 11961 | D:13     | Noticed Josephine
 11972 | D:13     | Killed Josephine
 11977 | D:13     | Reached skill level 10 in Armour
 12019 | D:14     | Noticed a centaur warrior
 12027 | D:14     | Killed a centaur warrior
 12027 | D:14     | Reached skill level 10 in Fighting
 12282 | D:14     | Reached XP level 13. HP: 70/113 MP: 15/15
 12362 | D:14     | Reached skill level 16 in Axes
 12441 | D:14     | Gained mutation: Your spells are a little easier to cast, but a little less powerful. [mutagenic meat]
 12444 | D:14     | Gained mutation: You are dopey. (Int -2) [mutagenic meat]
 12447 | D:14     | Gained mutation: You are resistant to electric shocks. (rElec) [mutagenic meat]
 12456 | D:14     | Lost mutation: Your magical capacity is low. (-10% MP) [mutagenic meat]
 12462 | D:14     | Gained mutation: You are very agile. (Dex +4) [mutagenic meat]
 12471 | D:14     | Lost mutation: Armour fits poorly on your strangely shaped body. [mutagenic meat]
 13292 | D:15     | Entered Level 15 of the Dungeon
 13450 | D:15     | Lost mutation: You are dopey. (Int -2) [mutagenic meat]
 13453 | D:15     | Lost mutation: You can translocate small distances at will. [mutagenic meat]
 13459 | D:15     | Lost mutation: You are very agile. (Dex +4) [mutagenic meat]
 13647 | D:15     | Found a staircase to the Depths.
 14126 | D:15     | Found a runed door.
 14143 | D:15     | Noticed a frost giant
 14145 | D:15     | Reached skill level 17 in Axes
 14154 | D:15     | Killed a frost giant
 14159 | D:15     | Reached skill level 10 in Dodging
 14536 | D:12     | Found a staircase to the Orcish Mines.
 14624 | D:12     | Reached ****** piety under Hepliaklqana
 14628 | D:12     | Reached XP level 14. HP: 124/124 MP: 19/19
 14971 | Lair:1   | Entered Level 1 of the Lair of Beasts
 16731 | Lair:2   | Found a staircase to the Swamp.
 17040 | Lair:3   | Noticed Harold
 17045 | Lair:3   | Killed Harold
 17067 | Lair:3   | Found an oddly glowing altar of Pakellas.
 17095 | Lair:3   | Reached skill level 18 in Axes
 17105 | Lair:3   | Found a hole to the Spider Nest.
 17127 | Lair:3   | Gained mutation: Your flesh is heat resistant. (rF+) [potion of mutation]
 17127 | Lair:3   | Lost mutation: Your spells are a little easier to cast, but a little less powerful. [potion of mutation]
 17127 | Lair:3   | Lost mutation: Your flesh is heat resistant. (rF+) [potion of mutation]
 17507 | Lair:3   | Gained mutation: You possess an exceptional clarity of mind. [potion of mutation]
 17507 | Lair:3   | Lost mutation: You possess an exceptional clarity of mind. [potion of mutation]
 18037 | Lair:4   | Found an iron altar of Okawaru.
 18121 | Lair:4   | Gained mutation: You are robust. (+10% HP) [potion of mutation]
 18121 | Lair:4   | Lost mutation: You are resistant to electric shocks. (rElec) [potion of mutation]
 18615 | Lair:5   | Reached skill level 1 in Evocations
 18631 | Lair:5   | Reached XP level 15. HP: 107/147 MP: 20/20
 19076 | Lair:6   | Entered Level 6 of the Lair of Beasts
 19076 | Lair:6   | Found a labyrinth entrance.
 19111 | Lab      | Entered a labyrinth
 19237 | Lab      | Got a slimy turquoise ring
 19240 | Lab      | Identified the ring "Vieryvig" {+Fly rF+ MR+ Slay+2} (You took it off a minotaur in a labyrinth)
 19310 | Lair:6   | Found a staircase to the Slime Pits.
 19456 | Lair:6   | Gained mutation: You are very agile. (Dex +4) [potion of mutation]
 19456 | Lair:6   | Gained mutation: You evolve. [potion of mutation]
 19456 | Lair:6   | Gained mutation: You tend to lose your temper in combat. [potion of mutation]
 19705 | Lair:6   | Got a polished buckler
 19716 | Lair:6   | Identified the +0 buckler of Weirdness {+Inv rElec Str-2 Slay+5} (You acquired it on level 6 of the Lair of Beasts)
 19808 | Lair:6   | Reached skill level 19 in Axes
 20550 | Orc:1    | Entered Level 1 of the Orcish Mines
 20671 | Orc:2    | Entered Level 2 of the Orcish Mines
 20771 | Orc:2    | Found a roughly hewn altar of Beogh.
 20912 | Orc:2    | Found a roughly hewn altar of Beogh.
 20930 | Orc:2    | Found Fuviem's Weapon Shoppe.
 21070 | Orc:2    | Noticed an orc warlord
 21085 | Orc:2    | Reached skill level 10 in Invocations
 21090 | Orc:2    | Killed an orc warlord
 21118 | Orc:2    | Found Ilih's Antique Weapon Shoppe.
 21119 | Orc:2    | Found a roughly hewn altar of Beogh.
 21120 | Orc:2    | Found Rox Qife's Antique Armour Emporium.
 21223 | Orc:2    | Found a staircase to the Elven Halls.
 21331 | Orc:2    | Found a roughly hewn altar of Beogh.
 21332 | Orc:2    | Found Eckoher's Gadget Boutique.
 21354 | Orc:2    | Found a roughly hewn altar of Beogh.
 21406 | Orc:2    | Found a roughly hewn altar of Beogh.
 21514 | Elf:1    | Entered Level 1 of the Elven Halls
 21649 | Elf:1    | Lost mutation: You are very agile. (Dex +4) [mutagenic meat]
 21652 | Elf:1    | Lost mutation: You evolve. [mutagenic meat]
 21655 | Elf:1    | Gained mutation: You are dopey. (Int -2) [mutagenic meat]
 21655 | Elf:1    | Gained mutation: Your flesh is cold resistant. (rC+) [potion of beneficial mutation]
 21667 | Elf:1    | Found Pyiluurr's Food Shoppe.
 21790 | Elf:1    | Reached XP level 16. HP: 112/157 MP: 22/22
 22165 | Elf:1    | Found Delil's Assorted Antiques.
 22165 | Elf:1    | Found Opoperis's Assorted Antiques.
 22175 | Elf:1    | Bought a pair of distressingly furry boots for 294 gold pieces
 22175 | Elf:1    | Bought a runed chain mail for 139 gold pieces
 22185 | Elf:1    | Identified the -1 pair of boots of Complete Protection {Str+4 Dex-4} (You bought it in a shop on level 1 of the Elven Halls)
 22224 | Elf:1    | Bought a scroll of identify for 64 gold pieces
 22297 | Elf:1    | Found Xeki's General Store.
 22301 | Elf:1    | Bought a scroll of identify for 20 gold pieces
 22301 | Elf:1    | Bought a scroll of identify for 20 gold pieces
 22598 | Elf:2    | Found Noteg's Jewellery Shoppe.
 22607 | Elf:2    | Bought an uncursed ring of see invisible for 210 gold pieces
 22739 | Elf:2    | Found a deep blue altar of Sif Muna.
 22773 | Elf:2    | Reached skill level 5 in Evocations
 22788 | Elf:2    | Reached skill level 20 in Axes
 23141 | Elf:2    | Found a huge runed gate.
 23141 | Elf:2    | Found a huge runed gate.
 23141 | Elf:2    | Found a huge runed gate.
 23141 | Elf:2    | Found a huge runed gate.
 23141 | Elf:2    | Found a huge runed gate.
 23686 | Elf:2    | Mangled by a bardiche of distortion

Vault maps used:
D:1:      dpeg_arrival_chambers_temple_mockup, cheibriados_altar_1
D:2:      okawaru_ov_weapons_minmay
D:3:      uniq_crazy_yiuf_cottage
D:4:      serial_shops, kennysheep_mini, nicolae_shop_overgrown_old_shop, shop,
          uniq_robin
D:5:      first_bread, hangedman_decor_opposing, st_stairs_12
D:6:      lemuel_zombie_altar_kikubaaqudgha, nicolae_overflow_hidden_temple,
          trog_book, uniq_eustachio
D:7:      gammafunk_temple_overflow_pools, serial_shops,
          nicolae_shop_statue_plus, shop, shop, kennysheep_mini_moat, shop,
          enter_bailey_2, uniq_pikel, uniq_prince_ribbit1
D:8:      xom_confusion_cloud
D:9:      grunt_qazlal_clouds
D:10:     lair_0_dummy
D:11:     the_bakery, uniq_fannar
D:12:     kennysheep_orc_monster_closet_entryway, serial_curves, eino_curves_02,
          eino_curves_03, eino_curves_01, eino_curves_01
D:13:     lightli_vaults_fourway_checkpoint, minmay_misc_feat_more_columns,
          uniq_sonja, uniq_josephine, uniq_maud, uniq_snorg, uniq_maurice
D:14:     minmay_strange_pillars, minmay_misc_feat_rugged,
          minmay_strange_pillars
D:15:     grunt_enter_depths_snipers, wad_hexagon
Temple:   eino_temple_rhombus
Lair:1:   minmay_stone_trees_small, lemuel_fruit_tree
Lair:2:   nicolae_swamp_entry_splash_gauntlet, serial_bayou,
          serial_bayou_pond_e, serial_bayou_lagoon_a, serial_bayou_pond_a,
          serial_bayou_shore_b, serial_bayou_pond_b
Lair:3:   dummy_spider_entry, basic_altar, serial_bayou_shore_b, uniq_harold
Lair:4:   basic_altar, st_stairs_11
Lair:5:   grunt_forest_large_clearing_hut, grunt_megastairs_5
Lair:6:   minmay_lair_end_enchanted_forest, dpeg_slime_entry_corner,
          lab_entry_generic, grunt_forest_small_clearings,
          nicolae_lair_grove_arrangements
Orc:1:    serial_shops, shop_scrolls
Orc:2:    grunt_orc_community_town_hall, grunt_orc_community_big_house_2,
          grunt_orc_community_big_house_1, grunt_orc_community_house_3,
          grunt_orc_community_house_2, grunt_orc_community_house_3,
          grunt_orc_community_house_1, grunt_orc_community_house_3,
          nicolae_orc_rich_vein
Elf:1:    eino_elf_arrival_sip, serial_shops, nicolae_shop_overgrown_old_shop,
          shop, shop, shop, minmay_elf_demonology
Elf:2:    serial_shops, nicolae_shop_behind_doors, grunt_ministairs_1,
          lemuel_blue_sif_altar
Lab:      labyrinth_mini_lab, labyrinth_skeletal_remains, labyrinth_fake_exit
Bailey:   bailey_axe_minmay_hex_keep, bailey

Skill      XL: |  1  2  3  4  5  6  7  8  9 10 11 12 13 14 15 16 |
---------------+-------------------------------------------------+-----
Axes           | 3 4 5 6 7 9 10 11 12 13 14 15 17 18 19 20 | 20.4
Shields        | 4 5 7 9 10 | 10.1
Fighting       | 4 5 6 7 9 10 11 12 13 | 13.8
Dodging        | 1 3 5 6 7 8 10 11 12 | 12.8
Armour         | 5 7 9 10 11 12 13 14 | 14.0
Invocations    | 3 5 6 8 9 10 | 10.8
Evocations     | 1 4 5 |  5.7

Action                   |  1- 3 |  4- 6 |  7- 9 | 10-12 | 13-15 | 16-18 || total
-------------------------+-------+-------+-------+-------+-------+-------++-------
Melee: War axe           |    76 |   101 |   284 |    26 |       |       ||   487
       Headbutt          |    12 |    14 |    47 |    97 |   242 |    33 ||   445
       Dagger            |       |     3 |       |       |       |       ||     3
       Battleaxe         |       |       |       |   332 |       |       ||   332
       Broad axe         |       |       |       |    75 |  1021 |   182 ||  1278
Invok: Ancestor Identity |       |       |     1 |       |     1 |       ||     2
       Ancestor Life: Kn |       |       |     1 |       |       |       ||     1
       Recall Ancestor   |       |       |       |     2 |     1 |       ||     3
Evoke: Wand              |       |     1 |       |     3 |       |       ||     4
  Use: Scroll            |     5 |     7 |     7 |    16 |    10 |     3 ||    48
       Potion            |       |     1 |     6 |     4 |     5 |     5 ||    21
 Stab: Invisible         |       |       |     2 |     5 |       |       ||     7
       Distracted        |       |       |     2 |     2 |     3 |       ||     7
  Eat: Chunk             |       |     6 |    10 |    31 |    46 |     5 ||    98
       Fruit             |       |       |     1 |     2 |     1 |       ||     4
       Beef jerky        |       |       |       |       |     3 |     1 ||     4
       Pizza             |       |       |       |       |     2 |       ||     2
Armor: Scale mail        |    36 |    37 |    88 |       |       |       ||   161
       Chain mail        |       |       |     3 |   208 |   343 |    61 ||   615
Dodge: Dodged            |    30 |    32 |    63 |   197 |   330 |    64 ||   716
Block: Shield            |    50 |    57 |   121 |    55 |   347 |       ||   630
       Buckler           |       |       |       |       |    49 |    34 ||    83
